 Dungeon Crawl Stone Soup version 0.21.0-3-g78d12a8 (webtiles) character file.

553 ringo67 the Chopper (level 7, -14/50 HPs)
             Began as a Demonspawn Gladiator on Jan 9, 2018.
             Demolished by an orc warrior
             ... wielding a +0 halberd
              (23 damage)
             ... on level 5 of the Dungeon.
             The game lasted 00:13:33 (3551 turns).

ringo67 the Chopper (Demonspawn Gladiator)          Turns: 3551, Time: 00:13:34

Health: -14/50     AC: 10    Str: 22    XL:     7   Next: 8%
Magic:  7/7        EV: 14    Int:  9    God:
Gold:   138        SH:  0    Dex: 19    Spells: 6/6 levels left

rFire    + . .     SeeInvis .   a - +0 war axe
rCold    . . .     Gourm    .   (no shield)
rNeg     . . .     Faith    .   s - +0 chain mail
rPois    +         Spirit   .   c - +0 helmet
rElec    .         Reflect  .   (no cloak)
rCorr    .         Harm     .   t - +0 pair of gloves
MR       .....                  (no boots)
Stlth    ..........             (no amulet)
HPRegen  0.16/turn              (no ring)
MPRegen  0.10/turn              l - ring of poison resistance

@: mighty, agile
A: hooves 2, fire resistance 1, powered by pain 1
a: no special abilities


You were on level 5 of the Dungeon.
You were hungry.

You visited 1 branch of the dungeon, and saw 5 of its levels.

You collected 138 gold pieces.

Inventory:

Hand Weapons
 a - a +0 war axe (weapon)
Missiles
 d - 3 throwing nets (quivered)
 m - 19 bolts
Armour
 b - a +0 leather armour
 c - a +0 helmet (worn)
 s - a +0 chain mail (worn)
 t - a +0 pair of gloves (worn)
Magical Staves
 y - an uncursed staff of death {unknown}
Jewellery
 l - a ring of poison resistance (right hand)
 w - an uncursed ring of fire
Scrolls
 g - a scroll of blinking {unknown}
 h - 8 scrolls of identify {unknown}
 i - a scroll of remove curse {unknown}
 j - a scroll of noise {unknown}
 r - a scroll of immolation {unknown}
 u - a scroll of fog {unknown}
 x - a scroll of enchant armour {unknown}
 z - a scroll of teleportation {unknown}
Potions
 e - 2 potions of resistance {unknown}
 k - a potion of magic {unknown}
 n - 2 potions of curing {unknown}
 o - 2 potions of agility {unknown}
 p - 2 potions of flight {unknown}
 q - a potion of heal wounds {unknown}
 v - a potion of invisibility {unknown}
Comestibles
 f - 7 rations


   Skills:
 - Level 2.0 Fighting
 + Level 7.4 Axes
 - Level 1.7 Throwing
 - Level 2.6 Dodging


You had 6 spell levels left.
You didn't know any spells.

Dungeon Overview and Level Annotations

Branches:
Dungeon (5/15)
 Temple: D:4-7

Altars:

Annotations:
D:4 gregunderscorem's ghost, novice MiFi


Innate Abilities, Weirdness & Mutations

You have hoof-like feet.
Your flesh is heat resistant. (rF+)
You sometimes gain a little power by taking damage.


Message History

* * * LOW HITPOINT WARNING * * *
You focus on the pain.
You feel mightier all of a sudden.
The orc wizard gestures wildly while chanting.
The orc wizard flickers and vanishes!
Deactivating autopickup; reactivate with Ctrl-A.
Things that are here:
a dagger; a robe; an orc corpse The orc warrior barely misses you.
An adder comes into view.
The adder hisses angrily.
The adder moves out of view.
A quokka comes into view.
A puff of flame appears from out of thin air!
The puff of flame hits you! You resist.
* * * LOW HITPOINT WARNING * * *
There is a stone staircase leading up, spattered with blood here.
The adder misses you.
The orc warrior hits you from afar with a halberd!!
You die...

......##.........###..#
#.#..............#...
#................#.##
..#..............>..# ###
#................##.#######..##
#..#...........รท.##............
......####...####............#
#....#####.#..#...####.##....#
.##..#.#.....r..@.###..........#
.............#..S####.#..##....#
.......####.....o..............#.
..#..#.####.##...####.#.###......
..#.##.................. #......
..#.##..#.........###..# #......
.............#.....##.#####.....#
#...##.................#.......##
..#.##.............###...###.###


You could see an orc warrior, an adder and a quokka.

Vanquished Creatures
  A centaur (D:2)
  An ogre (D:5)
  A centaur zombie (D:5)
  A crimson imp (D:5)
  2 orc wizards
  2 iguanas
  2 worker ants (D:4)
  7 adders
  An ooze (D:2)
  An adder skeleton (D:5)
  3 worms
  4 dart slugs
  5 leopard geckos
  4 orcs
  6 bats
  6 giant cockroaches
  2 hobgoblins
  13 jackals
  5 kobolds
  4 quokkas
  3 ball pythons
  6 frilled lizards
  3 goblins
  3 rats
86 creatures vanquished.

Notes
Turn   | Place    | Note
-------+----------+-------------------------------------------
     0 | D:1      | ringo67 the Demonspawn Gladiator began the quest for the Orb.
     0 | D:1      | Reached XP level 1. HP: 16/16 MP: 1/1
    39 | D:1      | Reached skill level 3 in Axes
    98 | D:1      | Gained mutation: You sometimes gain a little power by taking damage. [demonic ancestry]
    98 | D:1      | Reached XP level 2. HP: 22/22 MP: 2/2
   785 | D:2      | Reached skill level 4 in Axes
   785 | D:2      | Gained mutation: Your flesh is heat resistant. (rF+) [demonic ancestry]
   785 | D:2      | Reached XP level 3. HP: 27/27 MP: 3/3
  1129 | D:2      | Reached XP level 4. HP: 33/33 MP: 4/4
  1195 | D:2      | Noticed a centaur
  1209 | D:2      | Killed a centaur
  1209 | D:2      | Reached skill level 5 in Axes
  1209 | D:2      | Gained mutation: You have large cloven feet. [demonic ancestry]
  1209 | D:2      | Reached XP level 5. HP: 29/38 MP: 5/5
  1676 | D:3      | Noticed a two-headed ogre
  2059 | D:4      | Reached skill level 6 in Axes
  2138 | D:4      | Noticed gregunderscorem's ghost (novice MiFi)
  2248 | D:4      | Gained mutation: You have hoof-like feet. [demonic ancestry]
  2248 | D:4      | Reached XP level 6. HP: 39/44 MP: 6/6
  3047 | D:5      | Entered Level 5 of the Dungeon
  3139 | D:5      | Reached skill level 7 in Axes
  3294 | D:5      | Reached XP level 7. HP: 25/50 MP: 7/7
  3551 | D:5      | Demolished by an orc warrior

Skill      XL: |  1  2  3  4  5  6 |
---------------+-------------------+-----
Axes           | 3 4 5 6 7 |  7.4
Fighting       | |  2.0
Throwing       | |  1.7
Dodging        | |  2.6

Action                   |  1- 3 |  4- 6 |  7- 9 || total
-------------------------+-------+-------+-------++-------
Melee: War axe           |    84 |   180 |     6 ||   270
       Kick              |       |    47 |     2 ||    49
 Stab: Sleeping          |     1 |       |       ||     1
  Eat: Chunk             |       |     8 |       ||     8
Armor: Leather armour    |    29 |    11 |       ||    40
       Chain mail        |       |    83 |     7 ||    90
Dodge: Dodged            |    54 |    85 |     8 ||   147
